 Dungeon Crawl Stone Soup version 0.22-a0-51-g1bb26a1 (console) character file.

435 Evablue the Cudgeler (level 7, 0/66 HPs)
             Began as a Gargoyle Berserker on Jan 10, 2018.
             Was a Priest of Trog.
             Killed from afar by Ijyb (6 damage)
             ... with a wand of acid (5)
             ... on level 3 of the Dungeon.
             The game lasted 00:06:09 (2714 turns).

Evablue the Cudgeler (Gargoyle Berserker)           Turns: 2714, Time: 00:06:10

Health: 0/66       AC:  7    Str: 28    XL:     7   Next: 0%
Magic:  0/7        EV: 16    Int:  7    God:    Trog [***...]
Gold:   101        SH:  3    Dex:  9    Spells: 6/6 levels left

rFire    . . .     SeeInvis .   t - +0 flail
rCold    . . .     Gourm    .   d - +0 buckler
rNeg     + . .     Faith    .   b - +0 animal skin
rPois    ∞         Spirit   +   o - +1 helmet
rElec    +         Reflect  .   s - +0 cloak
rCorr    .         Harm     .   k - +0 pair of gloves
MR       .....                  (no boots)
Stlth    ..........             j - amulet of guardian spirit
HPRegen  0.21/turn              (no ring)
MPRegen  0.10/turn              q - +4 ring of evasion

@: berserking, corroded, very quick
A: negative energy resistance 1, electricity resistance, unbreathing,
petrification resistance, rot immunity, AC +4
a: Berserk, Trog's Hand, Burn Spellbooks, Renounce Religion


You were on level 3 of the Dungeon.
You worshipped Trog.
Trog was most pleased with you.
You were very hungry.

You visited 1 branch of the dungeon, and saw 4 of its levels.

You collected 101 gold pieces.

Inventory:

Hand Weapons
 a - a +0 mace
 p - a +0 spear
 t - a +0 flail (weapon)
Armour
 b - a +0 animal skin (worn)
 d - a +0 buckler (worn)
 k - a +0 pair of gloves (worn)
 n - a +0 animal skin
 o - a +1 helmet (worn)
 s - a +0 cloak (worn)
Jewellery
 j - an amulet of guardian spirit (around neck)
 m - an uncursed ring of ice
 q - a +4 ring of evasion (right hand)
Wands
 l - a wand of digging (1)
Scrolls
 g - 6 scrolls of identify {unknown}
 i - a scroll of teleportation {unknown}
 r - a scroll of remove curse {unknown}
 x - a scroll of noise {unknown}
 y - a scroll of random uselessness {unknown}
 z - a scroll of enchant weapon {unknown}
Potions
 e - 3 potions of flight {unknown}
 f - a potion of degeneration {unknown}
 h - a potion of berserk rage {unknown}
 u - a potion of brilliance {unknown}
 v - a potion of mutation {unknown}
 w - a potion of lignification {unknown}
Comestibles
 c - 5 rations


   Skills:
 + Level 4.6 Fighting
 + Level 5.8 Maces & Flails
 + Level 2.5 Armour
 + Level 3.1 Dodging
 + Level 1.2 Shields


You had 6 spell levels left.
You didn't know any spells.

Dungeon Overview and Level Annotations

Branches:
Dungeon (4/15)
 Temple: D:4-7

Altars:
Elyvilon
Makhleb
Yredelemnul

Annotations:
D:3 Ijyb


Innate Abilities, Weirdness & Mutations

You are resistant to torment.
Your stone body is resilient. (AC +4)
You are immune to poison.
You resist negative energy. (rN+)
You are resistant to electric shocks. (rElec)
You can survive without breathing.
You are immune to petrification.
You are immune to rotting.


Message History

* * * LOW HITPOINT WARNING * * *
The goblin closely misses you.
Unknown command.
You sock Ijyb!
Ijyb is severely wounded.
Ijyb zaps a wand.
The bolt of acid misses you. The goblin barely misses you.
You completely miss Ijyb.
Ijyb is severely wounded.
Ijyb hits you with a dagger.
* * * LOW HITPOINT WARNING * * *
The goblin hits you but does no damage.
You closely miss Ijyb.
Ijyb is severely wounded.
You sock Ijyb!
Ijyb is almost dead.
Ijyb barely misses you. The goblin completely misses you.
You closely miss Ijyb.
Ijyb is almost dead.
Ijyb zaps a wand.
The bolt of acid hits you!
You die...

#############
#...'.......#
#...'@g.....+
#...#.g.....#####≈≈#
#...##########...≈≈#
#............#...≈≈#
#............#...≈≈#
##+##.....##'##..≈≈#
#.....#...#..≈≈#
#.....#...#..≈≈#
#.....#...#..≈≈#


You could see Ijyb and a goblin.

Vanquished Creatures
  Sigmund (D:2)
  A bullfrog skeleton (D:2)
  Crazy Yiuf (D:2)
  Natasha (thrice) (D:2)
  Robin (D:2)
  4 adders
  An ooze (D:2)
  An adder skeleton (D:4)
  A worm (D:2)
  A dart slug (D:2)
  3 orcs (D:3)
  A bat (D:1)
  6 giant cockroaches
  14 hobgoblins
  3 jackals (D:3)
  3 quokkas
  A ball python (D:4)
  4 frilled lizards
  20 goblins
  9 kobolds
  6 rats
85 creatures vanquished.

Vanquished Creatures (others)
  A goblin (D:3)
1 creature vanquished.

Grand Total: 86 creatures vanquished

Notes
Turn   | Place    | Note
-------+----------+-------------------------------------------
     0 | D:1      | Evablue the Gargoyle Berserker began the quest for the Orb.
     0 | D:1      | Reached XP level 1. HP: 14/14 MP: 1/1
   113 | D:1      | Reached XP level 2. HP: 7/19 MP: 2/2
   341 | D:1      | HP: 1/30 [kobold (2)]
  1063 | D:2      | Found a basalt altar of Yredelemnul.
  1077 | D:2      | Reached XP level 3. HP: 10/24 MP: 3/3
  1245 | D:2      | Noticed Natasha
  1257 | D:2      | Killed Natasha
  1257 | D:2      | Reached skill level 4 in Maces & Flails
  1257 | D:2      | Reached XP level 4. HP: 13/29 MP: 4/4
  1485 | D:2      | Reached ** piety under Trog
  1533 | D:2      | Noticed Natasha
  1545 | D:2      | Killed Natasha
  1545 | D:2      | Reached XP level 5. HP: 9/33 MP: 2/5
  1849 | D:2      | Noticed Sigmund
  1871 | D:2      | Killed Sigmund
  1871 | D:2      | Reached skill level 5 in Maces & Flails
  1871 | D:2      | Reached XP level 6. HP: 37/39 MP: 3/6
  1931 | D:2      | Noticed Natasha
  1938 | D:2      | Killed Natasha
  1982 | D:2      | Noticed Robin
  2014 | D:2      | Killed Robin
  2014 | D:2      | Reached skill level 1 in Shields
  2172 | D:2      | Found a runed door.
  2176 | D:2      | Noticed Crazy Yiuf
  2185 | D:2      | Killed Crazy Yiuf
  2284 | D:3      | Reached *** piety under Trog
  2392 | D:3      | You fall through a shaft!
  2507 | D:3      | Found a white marble altar of Elyvilon.
  2564 | D:3      | Found a burning altar of Makhleb.
  2662 | D:3      | Reached XP level 7. HP: 44/44 MP: 7/7
  2701 | D:3      | Noticed Ijyb
  2714 | D:3      | Killed from afar by Ijyb

Vault maps used:
D:1:      dpeg_arrival_chase
D:2:      yredelemnul_altar_generic, uniq_crazy_yiuf_cottage, uniq_natasha,
          uniq_robin, uniq_sigmund
D:3:      kennysheep_goblin_castle, marbit_many_paths, lemuel_crystal_altar,
          bloody_makhleb
D:4:      lemuel_coloured_pillars_altar, uniq_pikel

Skill      XL: |  1  2  3  4  5  6 |
---------------+-------------------+-----
Fighting       | 4 |  4.6
Maces & Flails | 4 5 |  5.8
Dodging        | 2 3 |  3.1
Shields        | 1 |  1.2
Armour         | |  2.5

Action                   |  1- 3 |  4- 6 |  7- 9 || total
-------------------------+-------+-------+-------++-------
Melee: Mace              |    77 |   169 |       ||   246
       Flail             |       |    63 |    21 ||    84
Invok: Berserk           |     2 |     2 |     1 ||     5
 Stab: Sleeping          |       |     1 |       ||     1
  Eat: Chunk             |     2 |     8 |       ||    10
Armor: Animal skin       |    23 |    82 |     4 ||   109
Dodge: Dodged            |    58 |   167 |    20 ||   245
Block: Buckler           |     9 |    30 |     2 ||    41

Table legend:
 A = Spawn XP
 B = Non-spawn XP
 C = Spawn XP percentage of total XP
 D = Spawn monster count
 E = Non-spawn monster count
 F = Spawn count percentage of total count
 G = Total turns spent on level
                    A         B        C        D         E        F      G
               +---------+---------+-------+---------+---------+-------+---------
         Total |       0 |     622 |   0.0 |       0 |      85 |   0.0 |  2714
               +---------+---------+-------+---------+---------+-------+---------
           D:1 |       0 |      27 |   0.0 |       0 |      17 |   0.0 |  1055
           D:2 |       0 |     524 |   0.0 |       0 |      45 |   0.0 |  1196
           D:3 |       0 |      52 |   0.0 |       0 |      20 |   0.0 |   401
           D:4 |       0 |      19 |   0.0 |       0 |       3 |   0.0 |    62
               +---------+---------+-------+---------+---------+-------+---------
